 Dungeon Crawl Stone Soup version 0.21.1-1-g345015f (webtiles) character file.

172 diana the Insei (level 5, -2/33 HPs)
             Began as an Octopode Transmuter on May 30, 2018.
             Slain by a frilled lizard (3 damage)
             ... on level 3 of the Dungeon.
             The game lasted 00:06:08 (2322 turns).

diana the Insei (Octopode Transmuter)               Turns: 2322, Time: 00:06:09

Health: -2/33      AC:  1    Str: 10    XL:     5   Next: 53%
Magic:  7/8        EV: 10    Int: 15    God:
Gold:   87         SH:  0    Dex: 13    Spells: 7/8 levels left

rFire    . . .     SeeInvis .     - Unarmed
rCold    . . .     Gourm    .   (no shield)
rNeg     . . .     Faith    .   (helmet restricted)
rPois    .         Spirit   .   (no amulet)
rElec    .         Reflect  .   (no ring)
rCorr    .         Harm     .   (no ring)
MR       .....                  (no ring)
Stlth    ++........             (no ring)
HPRegen  0.11/turn              (no ring)
MPRegen  0.11/turn              (no ring)
                                (no ring)
                                (no ring)

@: appendage, slowed, constricted, very slow
A: almost no armour, stealthy swim, amphibious, 8 rings, constrict 8, tentacle
spike 3, camouflage 1, gelatinous body 1
a: End Transformation


You were on level 3 of the Dungeon.
You were hungry.
One of your tentacles had a temporary spike.
You visited 1 branch of the dungeon, and saw 3 of its levels.

You collected 87 gold pieces.

Inventory:

Missiles
 a - 37 arrows
Scrolls
 f - a scroll of fog {unknown}
 g - 3 scrolls of teleportation {unknown}
 k - 3 scrolls of enchant weapon {unknown}
 l - 3 scrolls of amnesia {unknown}
 m - a scroll of noise {unknown}
 n - a scroll of fear {unknown}
Potions
 e - 2 potions of mutation {unknown}
 h - a potion of agility {unknown}
 i - 2 potions of flight {unknown}
 j - a potion of curing {unknown}
Books
 b - a book of Changes

   Spells                             Type                      Level
   a - Beastly Appendage              Transmutation                1
   b - Sticks to Snakes               Transmutation                2
   c - Spider Form                    Transmutation/Poison         3
   d - Ice Form                       Ice/Transmutation            4
   e - Blade Hands                    Transmutation                5
Comestibles
 c - 4 rations


   Skills:
 - Level 1.0 Fighting
 - Level 2.0 Dodging
 * Level 5.2 Unarmed Combat
 - Level 2.0 Spellcasting
 + Level 3.5 Transmutations


You had 7 spell levels left.
You knew the following spells:

 Your Spells              Type           Power        Failure   Level  Hunger
a - Beastly Appendage     Tmut           ##....       5%          1    #......


Dungeon Overview and Level Annotations

Branches:
Dungeon (3/15)

Altars:


Innate Abilities, Weirdness & Mutations

You cannot wear most types of armour.
You are very stealthy in the water. (Stealth+)
You are amphibious.
You can wear up to eight rings at the same time.
You can use your tentacles to constrict eight enemies at once.
Your skin changes colour to match your surroundings (Stealth+).
Your rubbery body absorbs attacks. (AC +1, EV +1)
One of your tentacles bears a large vicious spike.


Message History

The orc wizard hits you with a dagger. The ball python bites you.
The ball python constricts you. The frilled lizard bites you.
You completely miss the orc wizard. Your grab misses the orc wizard.
The ball python barely misses you. The ball python constricts you.
The orc wizard hits you with a dagger. The frilled lizard bites you.
You bludgeon the orc wizard! Your grab misses the orc wizard.
Your tentacle spike misses the orc wizard.
The orc wizard is heavily wounded.
The ball python bites you.
* * * LOW HITPOINT WARNING * * *
The ball python constricts you. The orc wizard hits you with a dagger.
* * * LOW HITPOINT WARNING * * *
The frilled lizard barely misses you. The ball python bites you.
* * * LOW HITPOINT WARNING * * *
x2 The ball python constricts you.
The orc wizard hits you with a dagger.
* * * LOW HITPOINT WARNING * * *
You tentacle-slap the orc wizard. You grab the orc wizard.
You kill the orc wizard!
The frilled lizard bites you.
You die...

≈≈≈.≈≈(≈≈≈≈≈≈≈≈≈#
≈#(≈≈≈..?#...≈≈≈#######.
≈)..!<.<..[.!#≈..#......
≈††!#≈8..≈≈.≈#≈≈........
≈≈≈≈#≈≈≈≈#≈≈§≈≈≈.......#
≈≈#o≈≈≈≈≈≈≈≈≈≈≈#........
.≈#≈≈≈≈≈≈≈≈≈≈≈†#........
#≈≈≈≈≈≈≈≈#≈≈≈≈#+........
##≈≈≈≈#≈≈≈≈≈≈w†l@)......
##.≈≈≈≈≈≈≈...##.S......
..##≈≈.≈≈##..##........
..# ###....#.l##........
## ####...###.......#
#### ###.###.# .# . .#


You could see a dart slug, a ball python and a frilled lizard.

Vanquished Creatures
  An orc wizard (D:3)
  3 adders (D:2)
  8 oozes
  A worm (D:2)
  7 dart slugs
  An orc (D:3)
  6 giant cockroaches
  7 goblins
  3 hobgoblins
  6 jackals (D:2)
  5 kobolds
  7 bats
  8 frilled lizards
  5 rats
68 creatures vanquished.

Vanquished Creatures (others)
  A frilled lizard (D:3)
1 creature vanquished.

Grand Total: 69 creatures vanquished

Notes
Turn   | Place    | Note
-------+----------+-------------------------------------------
     0 | D:1      | diana the Octopode Transmuter began the quest for the Orb.
     0 | D:1      | Reached XP level 1. HP: 13/13 MP: 3/3
    71 | D:1      | Reached XP level 2. HP: 2/18 MP: 3/5
   463 | D:1      | Reached XP level 3. HP: 20/23 MP: 6/6
   637 | D:1      | Reached skill level 4 in Unarmed Combat
  1204 | D:2      | Reached XP level 4. HP: 17/28 MP: 5/7
  1821 | D:2      | Reached XP level 5. HP: 20/33 MP: 8/8
  2272 | D:3      | Reached skill level 5 in Unarmed Combat
  2321 | D:3      | HP: 1/33 [orc wizard/dagger (4)]
  2322 | D:3      | Slain by a frilled lizard

Skill      XL: |  1  2  3  4  5 |
---------------+----------------+-----
Unarmed Combat | 4 5 |  5.2
Transmutations | 3 |  3.5
Fighting       | |  1.0
Dodging        | |  2.0
Spellcasting   | |  2.0

Action                   |  1- 3 |  4- 6 || total
-------------------------+-------+-------++-------
Melee: Unarmed           |    62 |    95 ||   157
       Constrict         |     9 |    28 ||    37
       Tentacles         |     9 |    15 ||    24
       Kick              |     3 |    12 ||    15
       Punch             |     1 |     4 ||     5
 Cast: Beastly Appendage |     4 |    10 ||    14
  Use: Potion            |       |     2 ||     2
 Stab: Sleeping          |     8 |     5 ||    13
  Eat: Chunk             |       |     4 ||     4
Armor: Skin              |    10 |     9 ||    19
Dodge: Dodged            |    40 |    57 ||    97
